AoeStats
← AxD | Cad Bane

African Clearing

506584250Analyzed
2v2 RM · 19d ago on Sep 14, 2026· 23m 38s· 4 players
Game mode
Random Map
Map size
Medium (4 player)
Population
200
Speed
Normal
Resources
Standard
Victory
Conquest
Starting age
Dark Age
Ending age
Imperial Age
RankedLock teamsTeams togetherTeam positionsShared explorationLock speedFull tech treeHidden civsTurbo modeCheats
Victory
Defeat
🇨🇱 Persians · Chile
1669
+13
🇦🇷 Malians · Argentina
1612
+15
🇨🇴 Huns · Colombia
1630
-16
🇧🇷 Burgundians · Brazil
1551
-12
Marvin Saturnino
5:37 Double-Bit Axe
9:09 Loom
11:48 Feudal Age
13:52 Fletching
14:12 Town Watch
17:07 Bow Saw
20:48 Wheelbarrow
24:04 Castle Age
WryPig
10:21 Loom
11:19 Loom
13:14 Feudal Age
15:11 Double-Bit Axe
24:28 Castle Age
23:03 Fletching
23:49 Padded Archer Armor
AxD | Cad Bane
8:35 Loom
10:49 Feudal Age
11:17 Double-Bit Axe
17:43 Forging
17:47 Scale Barding Armor
18:10 Fletching
21:59 Castle Age
21:15 Padded Archer Armor
22:48 Elite Skirmisher
AxD | Keiokenkun-Uno-Puro
3:18 Loom
11:47 Feudal Age
11:59 Man-at-Arms
16:11 Arson
16:53 Double-Bit Axe
17:05 Fletching
17:37 Padded Archer Armor
21:50 Horse Collar
22:44 Town Watch
26:14 Castle Age
Connection lost

Rejoining the realm…

Still unreachable

The connection could not be restored.

Session expired

The server has moved on; the page needs a fresh start.